 Dungeon Crawl Stone Soup version 0.30-b1-2-g02819fbbbe (webtiles) character file.

Game seed: 288286603204283909

65 ketsa the Ruffian (level 3, 0/28 HPs)
             Began as a Demigod Transmuter on May 22, 2023.
             Succumbed to a kobold's poison
             ... on level 3 of the Dungeon.
             The game lasted 00:04:12 (1736 turns).

ketsa the Ruffian (Demigod Transmuter)              Turns: 1736, Time: 00:04:12

Health: 0/28       AC:  3    Str: 15    XL:     3   Next: 66%
Magic:  9/9        EV: 12    Int: 15    God:
Gold:   113        SH:  0    Dex: 14    Spells: 3/6 levels left

rFire   + .          .
                       - Unarmed
rCold   + . .        (no shield)
rNeg    . . .        j - +0 leather armour
rPois   +            (helmet currently unavailable)
rElec   +            (no cloak)
rCorr   +            (no gloves)
SInv    .            (boots currently unavailable)
Will    .....        (no amulet)
Stlth   +            (no ring)
HPRegen 0.24/turn    (no ring)
MPRegen 0.11/turn

%: no passive effects
@: brilliant, lethally poisoned (0 -> -8), appendages (expiring), resistant
A: horns 2, talons 2, high MP 1, forlorn, divine attributes
a: End Transformation


You were on level 3 of the Dungeon.
You had temporarily grown beastly horns and talons.
You visited 1 branch of the dungeon, and saw 3 of its levels.

You collected 113 gold pieces.

Inventory:

Missiles
 l - 6 poisoned darts
Armour
 a - a +0 robe
 j - a +0 leather armour (worn)
 m - a +0 scale mail
Jewellery
 d - a ring of protection from cold
Scrolls
 c - a scroll of fog {unknown}
 e - a scroll of teleportation {unknown}
 f - 2 scrolls of enchant armour
 g - a scroll of identify
 i - a scroll of poison {unknown}
Potions
 b - a potion of lignification


   Skills:
 + Level 1.6 Fighting
 + Level 2.3 Dodging
 + Level 3.1 Unarmed Combat
 + Level 2.2 Spellcasting
 + Level 2.2 Transmutations


You had 3 spell levels left.
You knew the following spells:

 Your Spells              Type           Power      Damage    Failure   Level
a - Beastly Appendage     Tmut           24%        N/A       11%         1
b - Wereblood             Tmut           12%        N/A       16%         2

Your spell library contained the following spells:

 Spells                   Type           Power      Damage    Failure   Level
 Summon Small Mammal      Summ           8%         N/A       26%         1
 Spider Form              Tmut/Pois      7%         N/A       45%         3
 Call Canine Familiar     Summ           2%         N/A       63%         3
 Frozen Ramparts          Ice            4%         1d1       63%         3
 Summon Guardian Golem    Hex/Summ       2%         N/A       63%         3
 Ice Form                 Ice/Tmut       7%         N/A       86%         4
 Summon Ice Beast         Ice/Summ       2%         N/A       95%         4


Dungeon Overview and Level Annotations

Branches:
Dungeon (3/15) Zot: 16267


Innate Abilities, Weirdness & Mutations

You have temporarily grown beastly horns and talons.
You have an increased reservoir of magic. (+10% MP)
You shall have no god before yourself.
Your divine heritage dramatically boosts your attributes as you level up.


Message History

You grow a pair of large bovine horns.
Your feet morph into talons.
You barely miss the adder. The adder bites you.
You are poisoned.
The adder poisons you! The adder bites you but does no damage.
You barely miss the adder.
You feel sick. The adder bites you.
You hit the adder.
The adder is moderately wounded.
You feel sick. The adder bites you but does no damage.
You closely miss the adder.
The adder is moderately wounded.
You feel sick. The adder bites you.
You are more poisoned.
The adder poisons you! The adder misses you.
You hit the adder. You claw the adder.
The adder is severely wounded.
You feel sick. The adder bites you.
You are more poisoned.
The adder poisons you!
You miss the adder. You claw the adder.
You kill the adder!
You feel sick.
The kobold throws a poisoned dart.
The poisoned dart hits you!
You are lethally poisoned!
You hit the rat.
You kill the rat!
* * * LOW HITPOINT WARNING * * *
You feel very sick.
It was a potion of resistance.
You feel protected.
* * * LOW HITPOINT WARNING * * *
You feel very sick.
The kobold throws a poisoned dart.
The poisoned dart closely misses you.
It was a potion of brilliance.
You feel clever all of a sudden.
Your transformation is almost over.
* * * LOW HITPOINT WARNING * * *
You feel very sick.
The kobold throws a poisoned dart.
The poisoned dart hits you!
As you read the scroll labelled QAOGISTOLAMA, it crumbles to dust.
It is a scroll of identify.
f - 2 scrolls of enchant armour You die...

#.#..)...#
#.##.>##.#
#.....##.#
#........####
#.#.#.#<....#
# #...#.###.#
#.#.#.#.# .#
###.....#.#
......†@#.#
###..K#.#.#
......#$#.#
?.#.###.#.#
.... ..# ...
### .K


You could see a kobold.

Vanquished Creatures
  3 adders
  A dart slug (D:2)
  5 ball pythons
  2 bats
  2 endoplasms (D:1)
  2 giant cockroaches
  4 hobgoblins (D:1)
  4 jackals (D:1)
  A quokka (D:1)
  3 frilled lizards (D:1)
  3 kobolds
  5 rats
35 creatures vanquished.

Notes
Turn   | Place    | Note
-------+----------+-------------------------------------------
     0 | D:1      | ketsa the Demigod Transmuter began the quest for the Orb.
     0 | D:1      | Reached XP level 1. HP: 15/15 MP: 5/5
    50 | D:1      | Reached skill level 1 in Fighting
   274 | D:1      | Reached XP level 2. HP: 23/23 MP: 5/7
   927 | D:1      | Learned a level 2 spell: Wereblood
  1138 | D:2      | Reached skill level 3 in Unarmed Combat
  1138 | D:2      | Reached XP level 3. HP: 28/28 MP: 6/8
  1735 | D:3      | HP: 1/28 [poisoned by a kobold]
  1736 | D:3      | Succumbed to a kobold's poison

Illustrated notes

Levels and vault maps discovered:
D:1:      onia_arrival_handbag, layout_basic, shapermc_ecumenical_altar_venn
D:2:      wander_river, layout_basic
D:3:      layout_basic, uniq_terence

Skill      XL: |  1  2 |
---------------+-------+-----
Fighting       | 1 |  1.6
Dodging        | 2 |  2.3
Transmutations | 2 |  2.2
Spellcasting   | 2 |  2.2
Unarmed Combat | 3 |  3.1

Action                     || total
---------------------------++-------
  Melee: Unarmed           ||   121
         Kick              ||    18
         Punch             ||     5
         Headbutt          ||     8
   Cast: Beastly Appendage ||    18
    Use: Potion            ||     2
         Scroll            ||     1
   Stab: Sleeping          ||     2
 Armour: Robe              ||     8
         Leather armour    ||    12
  Dodge: Dodged            ||    81
